 Dungeon Crawl Stone Soup version 0.16-a0-4113-g7d8e295 (webtiles) character file.

329 McCoppin the Cutter (level 6, 0/32 HPs)
             Began as a Spriggan Gladiator on Feb 28, 2015.
             Slain by a jackal (3 damage)
             ... on level 2 of the Dungeon.
             The game lasted 00:15:48 (3478 turns).

McCoppin the Cutter (Spriggan Gladiator)            Turns: 3478, Time: 00:15:48

Health: 0/32       AC:  3    Str: 11    XL:     6   Next: 25%
Magic:  21/21      EV: 22    Int:  9    God:
Gold:   113        SH:  0    Dex: 19    Spells: 0 memorised, 5 levels left

rFire  + . .     SeeInvis +     a - +0 rapier
rCold  . . .     Clarity  .     b - +0 animal skin
rNeg   . . .     SustAb   .     (shield restricted)
rPois  .         Gourm    .     c - +1 hat
rElec  .         Spirit   .     (no cloak)
rCorr  .         Warding  .     (gloves unavailable)
rMut   .         Stasis   .     (boots unavailable)
MR     +....                    u - amulet of faith
Stlth  +++.......               g - ring of magical power
                                o - ring of protection from fire

@: very quick, somewhat resistant to hostile enchantments, fairly stealthy
A: unfitting armour, see invisible, herbivore 3, speed 3, slow metabolism 2
a: no special abilities


You were on level 2 of the Dungeon.
You were hungry.

You visited 1 branch of the dungeon, and saw 3 of its levels.

You collected 113 gold pieces.

Inventory:

Hand weapons
 a - a +0 rapier (weapon)
 h - a +0 dagger
 s - a +0 blowgun
Missiles
 d - 2 throwing nets (quivered)
 t - 13 poisoned needles
Armour
 b - a +0 animal skin (worn)
 c - a +1 hat (worn)
 r - a +0 pair of gloves
Jewellery
 g - a ring of magical power (right hand)
 o - a ring of protection from fire (left hand)
 u - an amulet of faith (around neck)
Scrolls
 j - 2 scrolls of remove curse
 k - 2 scrolls of amnesia {unknown}
 l - a scroll of blinking {unknown}
 n - 5 scrolls of identify {unknown}
 p - a scroll of fear {unknown}
 v - 3 scrolls of recharging {unknown}
Potions
 e - 2 potions of curing {unknown}
 i - 2 potions of cancellation {unknown}
 m - 2 potions of haste {unknown}
 q - 2 potions of degeneration {unknown}
Comestibles
 f - 2 bread rations


   Skills:
 + Level 2.8 Fighting
 + Level 5.9 Short Blades
 - Level 2.1 Throwing
 + Level 5.8 Dodging
 - Level 3.0 Stealth


You had 5 spell levels left.
You didn't know any spells.

Dungeon Overview and Level Annotations

Branches:
Dungeon (3/15)

Altars:
Nemelex Xobeh

Annotations:
D:3 Natasha, Sigmund


Innate Abilities, Weirdness & Mutations

You are tiny and cannot use many weapons and most armour.
You have supernaturally acute eyesight.
You are a herbivore.
You cover ground extremely quickly.
You need consume almost no food.


Message History

You barely miss the jackal.
The jackal bites you but does no damage.
You closely miss the jackal. The jackal barely misses you.
The jackal closely misses you.
You hit the jackal but do no damage. The jackal barely misses you.
You hit the jackal but do no damage. The jackal completely misses you.
You closely miss the jackal. The jackal misses you.
You barely miss the jackal. The jackal barely misses you.
The jackal misses you.
You hit the jackal but do no damage. The jackal closely misses you.
You hit the jackal.
The jackal is almost dead.
The jackal closely misses you.
You barely miss the jackal.
The jackal is almost dead.
The jackal misses you.
You barely miss the jackal.
The jackal is almost dead.
The jackal bites you.
You die...

.##.# ######..#########.#.#
.##.# #....#..............#
รทรท..# #....#.##########...#
.#######....#..............#
............##########.#...#
....................)......#
###########.#######.##.##..#
.................(.....##..#
................@h..#####..###
#.###........#.####.#####....#
#.######.#...#.##).........###
.............#...............#
......##.##..####.########..##
............................#
.......#.##..####.#########.#
#.###..#.#......#.# #.#
#.###..#......#.#.#########.#


You could see a jackal.

Vanquished Creatures
  Grinder (D:2)
  Jessica (D:3)
  Terence (D:3)
  5 adders
  3 giant geckos
  An ooze (D:2)
  An orc (D:2)
  A ball python (D:2)
  7 bats
  5 giant cockroaches
  5 goblins
  4 hobgoblins
  4 kobolds
  A quokka (D:2)
  10 jackals
  5 rats
55 creatures vanquished.

Notes
Turn   | Place    | Note
--------------------------------------------------------------
     0 | D:1      | McCoppin, the Spriggan Gladiator, began the quest for the Orb.
     0 | D:1      | Reached XP level 1. HP: 10/10 MP: 2/2
   314 | D:1      | Reached XP level 2. HP: 11/14 MP: 4/4
   930 | D:1      | Reached XP level 3. HP: 12/18 MP: 6/6
  1593 | D:2      | Reached skill level 5 in Short Blades
  1849 | D:2      | Reached skill level 1 in Stealth
  1976 | D:2      | Found a sparkling altar of Nemelex Xobeh.
  2116 | D:2      | Reached XP level 4. HP: 22/22 MP: 8/8
  2667 | D:3      | Noticed Jessica
  2670 | D:3      | Killed Jessica
  2872 | D:3      | Noticed Terence
  2896 | D:3      | Killed Terence
  3151 | D:3      | Noticed Natasha
  3155 | D:3      | Noticed Sigmund
  3450 | D:3      | Noticed Grinder
  3453 | D:2      | Paralysed by Grinder for 5 turns
  3466 | D:2      | Killed Grinder
  3466 | D:2      | Reached skill level 5 in Dodging
  3466 | D:2      | Reached XP level 5. HP: 2/28 MP: 10/10
  3466 | D:2      | Reached XP level 6. HP: 2/32 MP: 12/12
  3478 | D:2      | Slain by a jackal

Action                   |  1- 3 |  4- 6 || total
-------------------------+-------+-------++-------
Melee: Rapier            |   165 |    88 ||   253
       Dagger            |       |     2 ||     2
Throw: Throwing net      |     2 |     4 ||     6
  Use: Scroll            |     3 |       ||     3
 Stab: Sleeping          |     3 |     1 ||     4
       Held in net/web   |     1 |     4 ||     5
       Distracted        |     1 |       ||     1
